 Dungeon Crawl Stone Soup version 0.26-a0-611-g354ed81 (webtiles) character file.

Game seed: 2790953709819429644

158 B1Gdaddy5 the Sneak (level 5, -13/39 HPs)
             Began as a Human Brigand on Sept 6, 2020.
             Killed by divine providence
             ... invoked by an orc priest
              (17 damage)
             ... on level 3 of the Dungeon.
             The game lasted 00:17:38 (2670 turns).

B1Gdaddy5 the Sneak (Human Brigand)                 Turns: 2670, Time: 00:17:39

Health: -13/39     AC:  4    Str: 11    XL:     5   Next: 67%
Magic:  14/14      EV: 12    Int: 12    God:
Gold:   157        SH:  0    Dex: 15    Spells: 4/4 levels left

rFire    . . .     SeeInvis .   m - +2 dagger
rCold    . . .     Faith    .   (no shield)
rNeg     . . .     Spirit   .   n - +0 leather armour
rPois    .         Reflect  .   (no helmet)
rElec    .         Harm     .   c - +0 cloak
rCorr    .                      (no gloves)
MR       .....                  (no boots)
Stlth    +++.......             a - amulet of the acrobat
HPRegen  0.13/turn              k - ring of magical power
MPRegen  0.14/turn              (no ring)

@: no status effects
A: no striking features
a: no special abilities


You were on level 3 of the Dungeon.
You visited 1 branch of the dungeon, and saw 3 of its levels.

You collected 157 gold pieces.

Inventory:

Hand Weapons
 m - a +2 dagger (weapon)
Missiles
 d - 17 poisoned darts (quivered)
 e - 2 curare-tipped darts
Armour
 c - a +0 cloak (worn)
 n - a +0 leather armour (worn)
Jewellery
 a - an amulet of the acrobat (around neck)
 k - a ring of magical power (left hand)
Scrolls
 f - a scroll of identify
 g - a scroll of enchant armour {unknown}
 h - a scroll of amnesia {unknown}
 i - 2 scrolls of magic mapping {unknown}
Potions
 j - a potion of degeneration
 l - a potion of heal wounds {unknown}


   Skills:
 + Level 2.6 Fighting
 * Level 3.6 Short Blades
 + Level 2.4 Throwing
 + Level 2.2 Dodging
 * Level 4.8 Stealth


You had 4 spell levels left.
You didn't know any spells.
Your spell library contained the following spells:

 Spells                   Type           Power        Failure   Level
 Confusing Touch          Hex            #.......     78%         3
 Gell's Gravitas          Tloc           #.........   78%         3
 Petrify                  Tmut/Erth      #.......     99%         4
 Metabolic Englaciation   Hex/Ice        #.........   100%        5
 Yara's Violent Unravell  Hex/Tmut       #.........   100%        5


Dungeon Overview and Level Annotations

Branches:
Dungeon (3/15)

Altars:

Annotations:
D:3 Terence


Message History

You hit the orc priest but do no damage.
The orc priest hits you but does no damage.
The jackal barely misses you. The orc priest hits you.
* * * LOW HITPOINT WARNING * * *
The jackal barely misses you.
Terence the Incautious comes into view.
He is wielding a +0 mace, wearing a +2 chain mail of fire resistance and carrying a wand of flame (18).
As you read the scroll labeled ADGHYN CIUTO, it crumbles to dust.
It is a scroll of identify.
j - a potion of degeneration The jackal barely misses you.
The orc priest calls down the wrath of Beogh upon you.
Pain shoots through your body!
* * * LOW HITPOINT WARNING * * *
The jackal closely misses you. The orc priest barely misses you.
You closely miss the orc priest. The jackal barely misses you. x2
The orc priest hits you with a +0 dagger.
* * * LOW HITPOINT WARNING * * *
The orc priest invokes the aid of Beogh against you.
Beogh smites you!
You die...

.....((.# #....# #... #.# #
.. (..## #o# ##.#.##...# h
#o##....#.......
..########.<#.##....#....
h.......##...............
..@...#h##.....).....##.#
#....hh@o.............<# ..
#.###.##o#......#.....## .<.
#.#.....r#.#..#.#...###
...##.#.#.##.#.#..#....###
...)....#....#.#..#......#
#.............#.##.##.#.#
..#....##....##.##....#+###
## #.....#..#.##)##.........
...#...†.#....##.##.........


You could see Terence (wandering), 2 orc priests, 3 jackals and a rat.

Vanquished Creatures
  Crazy Yiuf (D:2)
  An orc wizard (D:3)
  4 adders
  A worm (D:2)
  3 dart slugs
  2 leopard geckos
  3 orcs (D:3)
  2 giant cockroaches
  7 goblins
  8 hobgoblins
  2 jackals (D:2)
  5 kobolds
  A quokka (D:2)
  2 ball pythons (D:1)
  6 bats (D:1)
  4 frilled lizards
  2 rats (D:1)
54 creatures vanquished.

Notes
Turn   | Place    | Note
-------+----------+-------------------------------------------
     0 | D:1      | B1Gdaddy5 the Human Brigand began the quest for the Orb.
     0 | D:1      | Reached XP level 1. HP: 16/16 MP: 1/1
   114 | D:1      | Reached XP level 2. HP: 22/22 MP: 2/2
   568 | D:1      | Reached XP level 3. HP: 27/27 MP: 3/3
  1260 | D:2      | Reached XP level 4. HP: 29/34 MP: 4/4
  2140 | D:2      | Found a runed translucent door.
  2141 | D:2      | Noticed Crazy Yiuf
  2176 | D:2      | Killed Crazy Yiuf
  2176 | D:2      | Reached XP level 5. HP: 7/39 MP: 5/5
  2668 | D:3      | Noticed Terence
  2670 | D:3      | Killed from afar by an orc priest

Illustrated notes

Levels and vault maps discovered:
D:1:      kennysheep_arrival_seaside, layout_basic
D:2:      layout_basic, uniq_crazy_yiuf_cottage
D:3:      layout_basic, corexii_item_surrounded_by_moat, uniq_natasha,
          uniq_grinder, uniq_terence

Skill      XL: |  1  2  3  4 |
---------------+-------------+-----
Short Blades   | 3 |  3.6
Dodging        | 2 |  2.2
Fighting       | |  2.6
Throwing       | |  2.4
Stealth        | |  4.8

Action                   |  1- 3 |  4- 6 || total
-------------------------+-------+-------++-------
Melee: Dagger            |   119 |    95 ||   214
Throw: Dart              |     4 |    19 ||    23
  Use: Scroll            |       |     1 ||     1
 Stab: Sleeping          |     3 |     3 ||     6
Armor: Robe              |    49 |    10 ||    59
       Leather armour    |       |     9 ||     9
Dodge: Dodged            |    99 |    54 ||   153

Table legend: (Time is in decaauts)
 A = Elapsed time spent in this place.
 B = Non-inter-level travel time spent in this place.
 C = Inter-level travel time spent in this place.
 D = Time resting spent in this place.
 E = Time spent auto-exploring this place.
 F = Levels seen in this place.
 G = Mean time per level.
                   A        B        C        D        E       F      G
               +--------+--------+--------+--------+--------+-----+--------+
         Total |   2640 |   2549 |     91 |    396 |   1340 |   3 |  880.0 |
       Dungeon |   2640 |   2549 |     91 |    396 |   1340 |   3 |  880.0 |
               +--------+--------+--------+--------+--------+-----+--------+

Top non-repeatable levels by time:
     D:2: 1485 daAuts
     D:1: 963 daAuts
     D:3: 192 daAuts
